 Dungeon Crawl Stone Soup version 0.32-a0-656-g3542139ebd (webtiles) character file.

Game seed: 14940360232095077403

678 jasper the Cleaver (level 7, -2/59 HPs)
             Began as a Mountain Dwarf Berserker on Mar 8, 2024.
             Was a Priest of Trog.
             Incinerated by a bombardier beetle (4 damage)
             ... with a burning spray
             ... on level 5 of the Dungeon.
             The game lasted 00:07:19 (3701 turns).

jasper the Cleaver (Mountain Dwarf Berserker)       Turns: 3701, Time: 00:07:19

Health: -2/59      AC: 12    Str: 21    XL:     7   Next: 34%
Magic:  7/7        EV:  8    Int:  8    God:    Trog [***...]
Gold:   190        SH:  0    Dex:  9    Spells: 6/6 levels left

rFire   . . .        A - +0 battleaxe
rCold   . . .        (shield currently unavailable)
rNeg    . . .        l - +0 chain mail
rPois   .            (no helmet)
rElec   .            e - +0 cloak
rCorr   .            y - +0 pair of gloves
SInv    .            z - +0 pair of boots
Will    .....        (no amulet) Stlth
                     (no ring)
HPRegen 0.29/turn    (no ring)
MPRegen 0.10/turn

%: no passive effects
@: on fire, glowing, studying Unarmed Combat
A: runic magic, artefact enchanting
a: Renounce Religion, Berserk, Trog's Hand


You were on level 5 of the Dungeon.
You worshipped Trog.
Trog was most pleased with you.
You visited 1 branch of the dungeon, and saw 5 of its levels.

You collected 190 gold pieces.

Inventory:

Hand Weapons
 a - a +0 hand axe
 v - a +0 morningstar
 A - a +0 battleaxe (weapon)
Missiles
 m - 24 stones (quivered)
 s - 6 poisoned darts
 t - 6 boomerangs
 w - 7 atropa-tipped darts
Armour
 b - a +0 animal skin
 e - a +0 cloak (worn)
 l - a +0 chain mail (worn)
 y - a +0 pair of gloves (worn)
 z - a +0 pair of boots (worn)
Jewellery
 u - an amulet of guardian spirit
Scrolls
 f - 2 scrolls of silence {unknown}
 i - a scroll of enchant armour {unknown}
 j - 3 scrolls of identify {unknown}
 k - 3 scrolls of amnesia {unknown}
 n - a scroll of immolation {unknown}
 q - a scroll of fear {unknown}
 r - a scroll of revelation {unknown}
 x - 2 scrolls of torment {unknown}
 B - a scroll of teleportation {unknown}
 D - 2 scrolls of brand weapon {unknown}
Potions
 c - a potion of brilliance {unknown}
 d - 2 potions of lignification {unknown}
 g - a potion of attraction {unknown}
 h - a potion of might {unknown}
 o - 2 potions of cancellation {unknown}
 p - 5 potions of curing {unknown}
 C - a potion of invisibility {unknown}


   Skills:
 - Level 4.3 Fighting
 * Level 9.5 Axes
 - Level 3.2 Armour
 - Level 1.3 Dodging


You had 6 spell levels left.
You didn't know any spells.
Your spell library was empty.

Dungeon Overview and Level Annotations

Branches:
Dungeon (5/15)
 Temple: D:4-7

Altars:
Cheibriados
Gozag
Hepliaklqana
Sif Muna
Xom


Innate Abilities, Weirdness & Mutations

Your spellcasting is much less encumbered by armour.
You can use scrolls of enchantment on lesser artefacts.


Message History

You slash the bombardier beetle!
The bombardier beetle is almost dead.
The liquid fire burns you!
You take 5 damage, and have 20/59 hp.
You hit the bombardier beetle but do no damage.
The bombardier beetle is almost dead.
The liquid fire burns you!
* * * LOW HITPOINT WARNING * * *
The bombardier beetle sprays incendiary fluid at you.
The burning spray hits you.
You are even more covered in liquid fire!
You take 5 damage, and have 15/59 hp.
You completely miss the bombardier beetle.
The bombardier beetle is almost dead.
The liquid fire burns you!
* * * LOW HITPOINT WARNING * * *
The bombardier beetle bites you but does no damage.
You take 3 damage, and have 12/59 hp.
You are on fire!
You barely miss the bombardier beetle.
The bombardier beetle is almost dead.
The liquid fire burns you!
* * * LOW HITPOINT WARNING * * *
The bombardier beetle sprays incendiary fluid at you.
The burning spray hits you.
You are even more covered in liquid fire!
You take 5 damage, and have 7/59 hp.
You barely miss the bombardier beetle.
The bombardier beetle is almost dead.
The liquid fire burns you!
* * * LOW HITPOINT WARNING * * *
The bombardier beetle sprays incendiary fluid at you.
The burning spray hits you.
You are even more covered in liquid fire!
You take 5 damage, and have 2/59 hp.
You slice the bombardier beetle!!
You kill the bombardier beetle!
Trog accepts your kill. The liquid fire burns you!
You die...

#. #.# .....# #.# .....#
####.## .....# #.....#
.....# #[....##+#######
.....# #...............
.....# #?...)..@†......
.....#######'#..........
.............#..........
.....#########..........
.....#########..........
>.......................
########.#####.#########
#.### #.#
########...###.#


There were no monsters in sight!

Vanquished Creatures
  A black bear (D:4)
  An ogre (D:5)
  A phantom (D:5)
  A scorpion (D:4)
  3 bombardier beetles
  A gnoll bouda (D:5)
  An orc priest (D:3)
  An iguana (D:4)
  An orc wizard (D:3)
  4 gnolls (D:5)
  5 adders
  7 dart slugs
  A ribbon worm (D:2)
  7 orcs
  7 endoplasms
  4 giant cockroaches
  15 goblins
  7 hobgoblins
  7 jackals
  5 quokkas
  4 ball pythons (D:4)
  5 bats
  4 frilled lizards
  4 kobolds
  4 rats
101 creatures vanquished.

Notes
Turn   | Place    | Note
-------+----------+-------------------------------------------
     0 | D:1      | jasper the Mountain Dwarf Berserker began the quest for the
                  | Orb.
     0 | D:1      | Reached XP level 1. HP: 19/19 MP: 1/1
    14 | D:1      | Reached skill level 4 in Axes
    20 | D:1      | Reached XP level 2. HP: 22/26 MP: 2/2
   207 | D:1      | Reached skill level 5 in Axes
   338 | D:1      | Reached XP level 3. HP: 31/31 MP: 3/3
   341 | D:1      | Reached ** piety under Trog
   875 | D:2      | Identified the +11 rapier of Lysizxueha {drain, rN+ Will+
                  | Str-5}
   885 | D:2      | Reached XP level 4. HP: 36/36 MP: 4/4
   949 | D:2      | Found a shimmering altar of Xom.
  1549 | D:3      | Found a snail-covered altar of Cheibriados.
  1579 | D:3      | Reached skill level 6 in Axes
  1735 | D:3      | Reached XP level 5. HP: 36/46 MP: 5/5
  2365 | D:4      | Found a hazy altar of Hepliaklqana.
  2545 | D:4      | Found an opulent altar of Gozag.
  2871 | D:4      | Noticed a black bear
  2876 | D:4      | Killed a black bear
  2877 | D:4      | Reached skill level 7 in Axes
  2877 | D:4      | Reached XP level 6. HP: 52/52 MP: 6/6
  3191 | D:4      | Reached skill level 8 in Axes
  3266 | D:4      | Found a shimmering blue altar of Sif Muna.
  3354 | D:5      | Entered Level 5 of the Dungeon
  3487 | D:5      | Reached *** piety under Trog
  3536 | D:5      | Reached XP level 7. HP: 49/59 MP: 7/7
  3684 | D:5      | Reached skill level 9 in Axes
  3700 | D:5      | HP: 2/59 [burnt (5)]
  3701 | D:5      | Incinerated by a bombardier beetle

Illustrated notes

Levels and vault maps discovered:
D:1:      shiori_arrival_maze, layout_rooms
D:2:      layout_loops_ring, basic_altar, serial_forest,
          infiniplex_forest_lined_3, infiniplex_forest_lined_2,
          infiniplex_forest_lined_4_way, infiniplex_forest_clump_medium,
          infiniplex_forest_straight_4, infiniplex_forest_clump_large,
          kennysheep_another_room, chequers_serial_rivers_large_a,
          minmay_misc_feat_square
D:3:      layout_basic, nicolae_overflow_hidden_temple
D:4:      layout_basic, lemuel_doored_altar, nicolae_overflow_crystal_walls,
          mainiacjoe_overflow_catwalk, minmay_manual_mess
D:5:      layout_basic

Skill      XL: |  1  2  3  4  5  6  7 |
---------------+----------------------+-----
Axes           | 4 5 6 7 8 9 |  9.5
Fighting       | 4 |  4.3
Armour         | 3 |  3.2
Dodging        | |  1.3

Action                     |  1- 3 |  4- 6 |  7- 9 || total
---------------------------+-------+-------+-------++-------
  Melee: Hand axe          |   124 |   129 |       ||   253
         Battleaxe         |       |    45 |    26 ||    71
  Throw: Dart              |       |     1 |       ||     1
 Invoke: Berserk           |     2 |     3 |       ||     5
   Stab: Sleeping          |     1 |       |       ||     1
 Armour: Animal skin       |    53 |       |       ||    53
         Chain mail        |     9 |   174 |    15 ||   198
  Dodge: Dodged            |    72 |    65 |    12 ||   149

Table legend: (Time is in decaauts)
 A = Elapsed time spent in this place.
 B = Non-inter-level travel time spent in this place.
 C = Inter-level travel time spent in this place.
 D = Time resting spent in this place.
 E = Time spent auto-exploring this place.
 F = Levels seen in this place.
 G = Mean time per level.
                   A        B        C        D        E       F      G
               +--------+--------+--------+--------+--------+-----+--------+
         Total |   3783 |   3652 |    131 |    430 |   2334 |   5 |  756.6 |
       Dungeon |   3783 |   3652 |    131 |    430 |   2334 |   5 |  756.6 |
               +--------+--------+--------+--------+--------+-----+--------+

Top non-repeatable levels by time:
     D:4: 1028 daAuts
     D:2: 929 daAuts
     D:3: 898 daAuts
     D:1: 571 daAuts
     D:5: 355 daAuts
